 Dungeon Crawl Stone Soup version 0.23.0 (webtiles) character file.

Game seed: 11337844998171784317

112 tidbits the Charmwright (level 4, 38/38 HPs)
             Began as a Gnoll Skald on Feb 15, 2019.
             Quit the game on level 3 of the Dungeon.
             The game lasted 00:06:07 (709 turns).

tidbits the Charmwright (Gnoll Skald)                Turns: 709, Time: 00:06:07

Health: 38/38      AC:  4    Str: 14    XL:     4   Next: 95%
Magic:  11/11      EV: 14    Int: 16    God:
Gold:   116        SH:  0    Dex: 14    Spells: 2/13 levels left

rFire    . . .     SeeInvis .   a - +0 spear
rCold    . . .     Gourm    .   (no shield)
rNeg     . . .     Faith    .   b - +0 leather armour
rPois    .         Spirit   .   (no helmet)
rElec    .         Reflect  .   (no cloak)
rCorr    .         Harm     .   G - +0 pair of gloves
MR       .....                  (no boots)
Stlth    ++........             (no amulet)
HPRegen  0.12/turn              (no ring)
MPRegen  0.12/turn              (no ring)

@: no status effects
A: distributed training, fangs 1, strong nose
a: no special abilities


You were on level 3 of the Dungeon.
You were not hungry.

You visited 1 branch of the dungeon, and saw 3 of its levels.

You collected 116 gold pieces.

Inventory:

Hand Weapons
 a - a +0 spear (weapon)
 h - a +0 dagger
Missiles
 m - 7 javelins (quivered)
 n - 2 throwing nets {!f}
Armour
 b - a +0 leather armour (worn)
 G - a +0 pair of gloves (worn)
Scrolls
 j - 2 scrolls of teleportation {unknown}
 k - 2 scrolls of fog {unknown}
 l - a scroll of enchant armour {unknown}
Potions
 c - 2 potions of agility {unknown}
 e - a potion of flight {unknown}
 f - a potion of mutation {unknown}
 g - a potion of berserk rage {unknown}
 i - a potion of curing {unknown}
 o - a potion of heal wounds {unknown}
Comestibles
 d - 6 rations


   Skills:
 + Level 4.7 Fighting
 + Level 1.2 Short Blades
 + Level 1.2 Long Blades
 + Level 1.2 Axes
 + Level 1.2 Maces & Flails
 + Level 4.7 Polearms
 + Level 1.2 Staves
 + Level 1.2 Slings
 + Level 1.2 Bows
 + Level 1.2 Crossbows
 + Level 1.2 Throwing
 + Level 2.8 Armour
 + Level 4.7 Dodging
 + Level 1.2 Stealth
 + Level 1.2 Shields
 + Level 1.2 Unarmed Combat
 + Level 5.1 Spellcasting
 + Level 1.0 Conjurations
 + Level 1.0 Hexes
 + Level 5.5 Charms
 + Level 1.0 Summonings
 + Level 1.0 Necromancy
 + Level 1.0 Translocations
 + Level 1.0 Transmutations
 + Level 1.0 Fire Magic
 + Level 1.0 Ice Magic
 + Level 1.0 Air Magic
 + Level 1.0 Earth Magic
 + Level 1.0 Poison Magic
 + Level 1.4 Invocations
 + Level 1.2 Evocations


You had 2 spell levels left.
You knew the following spells:

 Your Spells              Type           Power        Failure   Level  Hunger
g - Shroud of Golubria    Chrm/Tloc      ##........   8%          2    #......
i - Infusion              Chrm           ###.         1%          1    None
r - Regeneration          Chrm/Necr      ##........   14%         3    ###....
w - Spectral Weapon       Hex/Chrm       ##......     14%         3    ###....
y - Song of Slaying       Chrm           ###.....     3%          2    #......

Your spell library contained the following spells:

 Spells                   Type           Power        Failure   Level  Hunger


Dungeon Overview and Level Annotations

Branches:
Dungeon (3/15)

Altars:
Trog


Innate Abilities, Weirdness & Mutations

Your experience applies equally to all skills.
You have very sharp teeth.
Your uncanny sense of smell can sniff out nearby items.


Message History

Things that are here:
a +0 club; 8 gold pieces
Things that are here:
a +0 club; 8 gold pieces You now have 89 gold pieces (gained 8).
There is a stone staircase leading up here.
You climb upwards.
Your summoned ally is left behind.
Your spectral weapon fades away.
There is a stone staircase leading down here.
Unknown command.
Unknown command.
A giant cockroach comes into view.
You hit the giant cockroach.
The giant cockroach is severely wounded.
The giant cockroach bites you.
Unknown command.
You hit the giant cockroach.
The giant cockroach is almost dead.
The giant cockroach bites you but does no damage.
You hit the giant cockroach.
You kill the giant cockroach!
Found 15 gold pieces.
You see here 15 gold pieces.
You now have 104 gold pieces (gained 15).
Casting: Spectral Weapon (safe; 14% risk of failure)
Confirm with . or Enter, or press ? or * to list all spells.
You miscast Regeneration.
You are very lightly contaminated with residual magic.
Your hands glow momentarily.
There is a stone staircase leading down here.
You climb downwards.
You hear the sound of rushing water.
There is an entrance to a sewer on this level.
Hurry and find it before the portal rusts away!
There is a stone staircase leading up here.
Unknown command.
Found 12 gold pieces.
A bat comes into view.
Casting: Regeneration (safe; 14% risk of failure)
Confirm with . or Enter, or press ? or * to list all spells.
You draw out your weapon's spirit!
Unknown command.
You hear the rusting of a distant drain.
The bat hits you.
Attack whom?
Press: ? - help, Dir - move target cursor, f - bat
Aim: a bat You reach to attack!
You hit the bat but do no damage.
Your spectral weapon hits the bat from afar.
You kill the bat!
No target in view!
You see here 12 gold pieces.
Unknown command.
You now have 116 gold pieces (gained 12).
A frilled lizard comes into view.
Unknown command.
There is an open door here.
Unknown command.
A giant cockroach comes into view.
Found 32 stones.
Unknown command.
Casting: Spectral Weapon (safe; 14% risk of failure)
Confirm with . or Enter, or press ? or * to list all spells.
Your spectral weapon fades away.
You draw out your weapon's spirit!
Unknown command.
Attack whom?
Press: ? - help, Dir - move target cursor, f - giant cockroach
Aim: a giant cockroach You reach to attack!
You barely miss the giant cockroach.
Your spectral weapon closely misses the giant cockroach.
Your magical contamination has completely faded away.
You hit the giant cockroach but do no damage.
Your spectral weapon closely misses the giant cockroach.
You closely miss the giant cockroach.
Your spectral weapon hits the giant cockroach.
The giant cockroach completely misses you.
You hit the giant cockroach but do no damage.
The giant cockroach is severely wounded.
Your spectral weapon barely misses the giant cockroach.
The giant cockroach closely misses you. x2
You hit the giant cockroach.
You kill the giant cockroach!
You hit the frilled lizard.
You kill the frilled lizard!
You open the door.
There is an open door here.
Unknown command.
Your spectral weapon fades away.
You hear the rusting of a distant drain.
Magic restored.
HP restored.
Unknown command. 3 rats and a worm come into view.
Found a club.
Found a bloodstained altar of Trog.
A rat comes into view.
Found a hand crossbow and a mace.
Unknown command.
Found a mace.
Are you sure you want to abandon this character and quit the game? (Confirm with "yes".)

....###.....................#
................###########.#
................# #.......#
................# #.#######
................# #.#
...†.......####### #.#
.....†....###....## #.#
.........##.......###.#
........##))r...@..##.#
........##....#....##.#
###.....#.)rw###...##.#
#.###'#)r_.#y#......# ..(#
#.#....###...#### .....
..##....#....#
.#########....r....# .
##.......## ###....##


You could see a moth of wrath, a worm and 4 rats.

Vanquished Creatures
  A hound skeleton (D:2)
  2 adders
  4 gnolls (D:2)
  A worm (D:2)
  A leopard gecko (D:3)
  2 ball pythons (D:1)
  3 bats
  2 giant cockroaches
  4 hobgoblins
  2 kobolds
  A quokka (D:2)
  3 frilled lizards
  5 goblins
  11 rats
42 creatures vanquished.

Notes
Turn   | Place    | Note
-------+----------+-------------------------------------------
     0 | D:1      | tidbits the Gnoll Skald began the quest for the Orb.
     0 | D:1      | Reached XP level 1. HP: 20/20 MP: 6/6
   177 | D:1      | Reached XP level 2. HP: 26/26 MP: 4/7
   181 | D:1      | Learned a level 2 spell: Song of Slaying
   301 | D:2      | Reached skill level 5 in Spellcasting
   301 | D:2      | Reached XP level 3. HP: 31/31 MP: 2/9
   305 | D:2      | Learned a level 2 spell: Shroud of Golubria
   309 | D:2      | Learned a level 3 spell: Regeneration
   362 | D:3      | Learned a level 3 spell: Spectral Weapon
   380 | D:2      | Reached skill level 1 in Invocations
   389 | D:2      | Reached skill level 1 in Short Blades
   389 | D:2      | Reached skill level 1 in Long Blades
   389 | D:2      | Reached skill level 1 in Axes
   389 | D:2      | Reached skill level 1 in Maces & Flails
   389 | D:2      | Reached skill level 1 in Staves
   389 | D:2      | Reached skill level 1 in Slings
   389 | D:2      | Reached skill level 1 in Bows
   389 | D:2      | Reached skill level 1 in Crossbows
   389 | D:2      | Reached skill level 1 in Throwing
   389 | D:2      | Reached skill level 1 in Stealth
   389 | D:2      | Reached skill level 1 in Shields
   389 | D:2      | Reached skill level 1 in Unarmed Combat
   389 | D:2      | Reached skill level 1 in Evocations
   389 | D:2      | Reached XP level 4. HP: 24/38 MP: 2/11
   461 | D:2      | Reached skill level 1 in Conjurations
   461 | D:2      | Reached skill level 1 in Hexes
   461 | D:2      | Reached skill level 1 in Summonings
   461 | D:2      | Reached skill level 1 in Necromancy
   461 | D:2      | Reached skill level 1 in Translocations
   461 | D:2      | Reached skill level 1 in Transmutations
   461 | D:2      | Reached skill level 1 in Fire Magic
   461 | D:2      | Reached skill level 1 in Ice Magic
   461 | D:2      | Reached skill level 1 in Air Magic
   461 | D:2      | Reached skill level 1 in Earth Magic
   461 | D:2      | Reached skill level 1 in Poison Magic
   703 | D:3      | Noticed a moth of wrath
   706 | D:3      | Found a bloodstained altar of Trog.
   709 | D:3      | Quit the game

Skill      XL: |  1  2  3  4 |
---------------+-------------+-----
Spellcasting   | 5 |  5.1
Invocations    | 1 |  1.4
Short Blades   | 1 |  1.2
Long Blades    | 1 |  1.2
Axes           | 1 |  1.2
Maces & Flails | 1 |  1.2
Staves         | 1 |  1.2
Slings         | 1 |  1.2
Bows           | 1 |  1.2
Crossbows      | 1 |  1.2
Throwing       | 1 |  1.2
Stealth        | 1 |  1.2
Shields        | 1 |  1.2
Unarmed Combat | 1 |  1.2
Evocations     | 1 |  1.2
Conjurations   | 1 |  1.0
Hexes          | 1 |  1.0
Summonings     | 1 |  1.0
Necromancy     | 1 |  1.0
Translocations | 1 |  1.0
Transmutations | 1 |  1.0
Fire Magic     | 1 |  1.0
Ice Magic      | 1 |  1.0
Air Magic      | 1 |  1.0
Earth Magic    | 1 |  1.0
Poison Magic   | 1 |  1.0
Fighting       | |  4.7
Polearms       | |  4.7
Armour         | |  2.8
Dodging        | |  4.7
Charms         | |  5.5

Action                   |  1- 3 |  4- 6 || total
-------------------------+-------+-------++-------
Melee: Spear             |    48 |    47 ||    95
       Bite              |     3 |     3 ||     6
       Punch             |     1 |       ||     1
 Cast: Infusion          |     6 |       ||     6
       Spectral Weapon   |     2 |     7 ||     9
       Song of Slaying   |     1 |     1 ||     2
  Eat: Ration            |     1 |       ||     1
Armor: Leather armour    |     1 |     5 ||     6
Dodge: Dodged            |    22 |    23 ||    45

Table legend:
 A = Turns spent in this place as a percentage of turns spent in the entire game.
 B = Non-inter-level travel turns spent in this place as a percentage of non-inter-level travel turns spent in the entire game.
 C = Inter-level travel turns spent in this place as a percentage of turns spent in this place.
 D = Turns resting spent in this place as a percentage of non-inter-level travel turns spent in this place.
 E = Turns spent auto-exploring this place as a percentage of non-inter-level travel turns spent in this place.
 F = Non-inter-level travel turns spent in this place divided by the number of levels of this place that you've seen.
                   A       B       C       D       E      F
               +-------+-------+-------+-------+-------+----------------------
         Total | 100.0 | 100.0 |   0.0 |   0.0 |   0.0 | 236.3
       Dungeon | 100.0 | 100.0 |   0.0 |   0.0 |   0.0 | 236.3
               +-------+-------+-------+-------+-------+----------------------

Table legend:
 A = Kills in this place as a percentage of kills in entire the game.
 B = Kills by you in this place as a percentage of kills by you in the entire game.
 C = Kills by friends in this place as a percentage of kills by friends in the entire game.
 D = Other kills in this place as a percentage of other kills in the entire game.
 E = Experience gained in this place as a percentage of experience gained in the entire game.
 F = Experience gained in this place divided by the number of levels of this place that you have seen.
                   A       B       C       D       E      F
               +-------+-------+-------+-------+-------+----------------------
         Total | 100.0 | 100.0 |   N/A |   N/A | 100.0 |  53.7
       Dungeon | 100.0 | 100.0 |   N/A |   N/A | 100.0 |  53.7
               +-------+-------+-------+-------+-------+----------------------

Levels and vault maps discovered:
D:1:      lightli_iron_boxes, layout_basic, chequers_hall_statues_y,
          minmay_misc_feat_tower, minmay_heptomino_h4
D:2:      layout_loops_ring, grunt_temple_overflow_diamond, first_ration
D:3:      layout_basic, portal_sewer_entry_b, chequers_ecumenical_altar_island,
          tgw_trog
